 Dungeon Crawl Stone Soup version 0.31-a0-479-g91c9547826 (console) character file.

Game seed: 4661012098818130370

289 Lexodia the Conjurer (level 6, -2/44 HPs)
             Began as a Gnoll Conjurer on Aug 7, 2023.
             Slain by a gnoll
             ... wielding a +0 club
              (5 damage)
             ... on level 3 of the Dungeon.
             The game lasted 00:03:34 (1853 turns).

Lexodia the Conjurer (Gnoll Conjurer)               Turns: 1853, Time: 00:03:34

Health: -2/44      AC:  2    Str:  6    XL:     6   Next: 31%
Magic:  2/14       EV: 13    Int: 19    God:
Gold:   59         SH:  0    Dex: 11    Spells: 12/15 levels left

rFire   . . .        f - +0 dagger (vamp)
rCold   . . .        (no shield)
rNeg    . . .        a - +0 robe
rPois   .            (no helmet)
rElec   .            (no cloak)
rCorr   .            (no gloves)
SInv    .            (no boots)
Will    .....        (no amulet)
Stlth   +++          (no ring)
HPRegen 0.27/turn    (no ring)
MPRegen 0.14/turn

%: no passive effects
@: no status effects
A: fangs 1, strong nose, distributed training
a: no special abilities


You were on level 3 of the Dungeon.
You visited 1 branch of the dungeon, and saw 3 of its levels.

You collected 59 gold pieces.

Inventory:

Hand Weapons
 f - a +0 vampiric dagger (weapon)
Missiles
 d - 5 silver javelins
 p - 3 poisoned darts
 q - a boomerang
Armour
 a - a +0 robe (worn)
 l - a +0 kite shield
Talismans
 m - a serpent talisman
Scrolls
 c - a scroll of enchant armour {unknown}
 e - a scroll of silence {unknown}
 i - a scroll of teleportation {unknown}
 j - a scroll of blinking {unknown}
 k - a scroll of noise {unknown}
 o - a scroll of acquirement {unknown}
Potions
 b - a potion of magic
 g - a potion of curing {unknown}
 h - a potion of haste {unknown}
 n - a potion of brilliance {unknown}


   Skills:
 + Level 2.0 Fighting
 + Level 2.0 Short Blades
 + Level 2.0 Long Blades
 + Level 2.0 Axes
 + Level 2.0 Maces & Flails
 + Level 2.0 Polearms
 + Level 2.0 Staves
 + Level 2.0 Ranged Weapons
 + Level 2.0 Throwing
 + Level 2.0 Armour
 + Level 5.0 Dodging
 + Level 4.6 Stealth
 + Level 2.0 Shields
 + Level 2.0 Unarmed Combat
 + Level 5.3 Spellcasting
 + Level 7.3 Conjurations
 + Level 1.5 Hexes
 + Level 1.5 Summonings
 + Level 1.5 Necromancy
 + Level 1.5 Translocations
 + Level 1.5 Transmutations
 + Level 1.5 Fire Magic
 + Level 1.5 Ice Magic
 + Level 1.5 Air Magic
 + Level 1.5 Earth Magic
 + Level 1.5 Poison Magic
 + Level 2.1 Invocations
 + Level 2.0 Evocations
 + Level 1.5 Shapeshifting


You had 12 spell levels left.
You knew the following spells:

 Your Spells              Type           Power      Damage    Failure   Level
a - Magic Dart            Conj           100%       1d8       1%          1
b - Searing Ray           Conj           64%        2d6       1%          2

Your spell library contained the following spells:

 Spells                   Type           Power      Damage    Failure   Level
 Dazzling Flash           Conj/Hex       42%        N/A       6%          3
 Cigotuvi's Dreadful Rot  Necr/Pois/Air  22%        N/A       10%         2
 Ignite Poison            Fire/Tmut/Pois 11%        N/A       19%         3
 Fulminant Prism          Conj/Hex       10%        3d8       19%         4
 Iskenderun's Mystic Bla  Conj/Tloc      21%        2d6       19%         4
 Freezing Cloud           Conj/Ice/Air   9%         6-21      63%         5


Dungeon Overview and Level Annotations

Branches:
Dungeon (3/15)

Altars:
Hepliaklqana


Innate Abilities, Weirdness & Mutations

You have very sharp teeth.
Your uncanny sense of smell can sniff out nearby items.
Your experience applies equally to all skills.


Message History

The searing ray misses the gnoll.
The searing ray hits the gnoll.
The gnoll is moderately wounded.
The searing ray hits the gnoll!
The gnoll is severely wounded. (Press . to maintain the ray.)
The gnoll hits you from afar with a +0 spear.
* * * LOW HITPOINT WARNING * * *
The gnoll closely misses you.
Damage: -7%(-3hp) hp: 28%(12hp) Unknown command.
The searing ray misses the gnoll.
The searing ray hits the gnoll.
The gnoll is severely wounded.
The searing ray hits the gnoll.
The gnoll is almost dead.
The gnoll misses you. The gnoll closely misses you.
You hit the gnoll.
You feel better.
The gnoll is moderately wounded.
You barely miss the gnoll. You bite the gnoll, but do no damage.
The gnoll is moderately wounded.
The gnoll barely misses you. The gnoll closely misses you.
You barely miss the gnoll.
The gnoll is moderately wounded.
The gnoll barely misses you. The gnoll hits you with a +0 club.
* * * LOW HITPOINT WARNING * * *
Damage: -5%(-2hp) hp: 30%(13hp) Unknown command.
The gnoll attacks as you move away! The gnoll hits you with a +0 club.
* * * LOW HITPOINT WARNING * * *
Huge Dmg: -11%(-5hp) hp: 19%(8hp)
The gnoll attacks as you move away! The gnoll barely misses you.
The gnoll attacks as you move away! The gnoll misses you.
Found a hazy altar of Hepliaklqana.
Found a stone staircase leading up.
Found a scroll labelled ZEHYCZ YTHRUMIPH.
The gnoll attacks as you move away! The gnoll hits you with a +0 club!
* * * LOW HITPOINT WARNING * * *
There is a stone staircase leading up here.
Huge Dmg: -18%(-8hp) hp: 7%(3hp)
The gnoll hits you with a +0 club.
You die...

...#. ._. .... ..... ...
#..## . .... #.#
#...##.# .... #.###.#
#.#..#.#
†..#+#.....####......
...g.# #..g....#.#.###
...#.#####.#.g.....?....
.gg#.g..g..#.....##....#
##<#.#######...g@.......
#.### #.....####...
.......# #######
##†....# .......#
.......# ........#
........# ∆ ........#


You could see 3 gnolls.

Vanquished Creatures
  Sigmund (D:2)
  An orc priest (D:2)
  An adder (D:3)
  3 gnolls (D:2)
  A dart slug (D:1)
  4 orcs
  3 ball pythons
  4 bats
  An endoplasm (D:1)
  A giant cockroach (D:3)
  3 goblins
  4 hobgoblins
  4 quokkas
  4 frilled lizards
  2 kobolds
  5 rats
42 creatures vanquished.

Notes
Turn   | Place    | Note
-------+----------+-------------------------------------------
     0 | D:1      | Lexodia the Gnoll Conjurer began the quest for the Orb.
     0 | D:1      | Reached XP level 1. HP: 13/13 MP: 6/6
   190 | D:1      | Reached XP level 2. HP: 20/20 MP: 4/7
   792 | D:1      | Reached XP level 3. HP: 25/25 MP: 6/9
   943 | D:2      | Reached skill level 5 in Spellcasting
   947 | D:2      | Learned a level 2 spell: Searing Ray
  1009 | D:2      | Reached skill level 1 in Invocations
  1023 | D:2      | Reached skill level 1 in Fighting
  1023 | D:2      | Reached skill level 1 in Short Blades
  1023 | D:2      | Reached skill level 1 in Long Blades
  1023 | D:2      | Reached skill level 1 in Axes
  1023 | D:2      | Reached skill level 1 in Maces & Flails
  1023 | D:2      | Reached skill level 1 in Polearms
  1023 | D:2      | Reached skill level 1 in Staves
  1023 | D:2      | Reached skill level 1 in Ranged Weapons
  1023 | D:2      | Reached skill level 1 in Throwing
  1023 | D:2      | Reached skill level 1 in Armour
  1023 | D:2      | Reached skill level 1 in Shields
  1023 | D:2      | Reached skill level 1 in Unarmed Combat
  1023 | D:2      | Reached skill level 1 in Evocations
  1163 | D:2      | Reached XP level 4. HP: 32/32 MP: 11/11
  1366 | D:2      | Reached skill level 1 in Hexes
  1366 | D:2      | Reached skill level 1 in Summonings
  1366 | D:2      | Reached skill level 1 in Necromancy
  1366 | D:2      | Reached skill level 1 in Translocations
  1366 | D:2      | Reached skill level 1 in Transmutations
  1366 | D:2      | Reached skill level 1 in Fire Magic
  1366 | D:2      | Reached skill level 1 in Ice Magic
  1366 | D:2      | Reached skill level 1 in Air Magic
  1366 | D:2      | Reached skill level 1 in Earth Magic
  1366 | D:2      | Reached skill level 1 in Poison Magic
  1366 | D:2      | Reached skill level 1 in Shapeshifting
  1787 | D:2      | Noticed Sigmund
  1796 | D:2      | Huge Dmg: 11 dmg
  1798 | D:2      | Killed Sigmund
  1799 | D:2      | Reached skill level 5 in Dodging
  1799 | D:2      | Reached XP level 5. HP: 22/38 MP: 2/12
  1799 | D:2      | Reached XP level 6. HP: 26/44 MP: 2/14
  1834 | D:3      | Huge Dmg: 4 dmg
  1843 | D:3      | Huge Dmg: 5 dmg
  1845 | D:3      | Found a hazy altar of Hepliaklqana.
  1853 | D:3      | Huge Dmg: 8 dmg
  1853 | D:3      | Slain by a gnoll

Illustrated notes

Levels and vault maps discovered:
D:1:      matt_arrival_spirals, layout_loops_ring, minmay_pentomino_o2
D:2:      layout_loops_cross, uniq_sigmund
D:3:      cheibrodos_old_hovel, layout_basic, nicolae_overflow_crystal_walls,
          chequers_serial_rivers_large_a

Skill      XL: |  1  2  3  4  5  6 |
---------------+-------------------+-----
Spellcasting   | 5 |  5.3
Invocations    | 1 2 |  2.1
Fighting       | 1 2 |  2.0
Short Blades   | 1 2 |  2.0
Long Blades    | 1 2 |  2.0
Axes           | 1 2 |  2.0
Maces & Flails | 1 2 |  2.0
Polearms       | 1 2 |  2.0
Staves         | 1 2 |  2.0
Ranged Weapons | 1 2 |  2.0
Throwing       | 1 2 |  2.0
Armour         | 1 2 |  2.0
Shields        | 1 2 |  2.0
Unarmed Combat | 1 2 |  2.0
Evocations     | 1 2 |  2.0
Hexes          | 1 |  1.5
Summonings     | 1 |  1.5
Necromancy     | 1 |  1.5
Translocations | 1 |  1.5
Transmutations | 1 |  1.5
Fire Magic     | 1 |  1.5
Ice Magic      | 1 |  1.5
Air Magic      | 1 |  1.5
Earth Magic    | 1 |  1.5
Poison Magic   | 1 |  1.5
Shapeshifting  | 1 |  1.5
Dodging        | 5 |  5.0
Stealth        | |  4.6
Conjurations   | |  7.3

Action                     |  1- 3 |  4- 6 || total
---------------------------+-------+-------++-------
  Melee: Unarmed           |     2 |       ||     2
         Dagger            |    18 |    19 ||    37
         Bite              |     3 |     3 ||     6
         Punch             |     1 |     1 ||     2
   Cast: Magic Dart        |    41 |    18 ||    59
         Searing Ray       |     1 |     6 ||     7
   Stab: Sleeping          |     1 |     1 ||     2
 Armour: Robe              |     2 |     3 ||     5
  Dodge: Dodged            |    19 |    26 ||    45

Table legend: (Time is in decaauts)
 A = Elapsed time spent in this place.
 B = Non-inter-level travel time spent in this place.
 C = Inter-level travel time spent in this place.
 D = Time resting spent in this place.
 E = Time spent auto-exploring this place.
 F = Levels seen in this place.
 G = Mean time per level.
                   A        B        C        D        E       F      G
               +--------+--------+--------+--------+--------+-----+--------+
         Total |   1849 |   1726 |    123 |      5 |   1477 |   3 |  616.3 |
       Dungeon |   1849 |   1726 |    123 |      5 |   1477 |   3 |  616.3 |
               +--------+--------+--------+--------+--------+-----+--------+

Top non-repeatable levels by time:
     D:1: 939 daAuts
     D:2: 872 daAuts
     D:3: 37 daAuts
